 Dungeon Crawl Stone Soup version 0.20-a0-772-g73021bd (webtiles) character file.

318 Firecrotchwizard the Changer (level 6, -1/46 HPs)
             Began as a Merfolk Transmuter on Feb 27, 2017.
             Killed from afar by an orc wizard (8 damage)
             ... with a magic dart
             ... on level 3 of the Dungeon.
             The game lasted 00:09:59 (4631 turns).

Firecrotchwizard the Changer (Merfolk Transmuter)   Turns: 4631, Time: 00:10:00

Health: -1/46      AC:  2    Str: 10    XL:     6   Next: 45%
Magic:  4/9        EV: 13    Int: 12    God:
Gold:   121        SH:  0    Dex: 17    Spells: 3/9 levels left

rFire    . . .     SeeInvis .     - Unarmed
rCold    . . .     Gourm    .   b - +0 robe
rNeg     . . .     Faith    .   (no shield)
rPois    .         Spirit   .   (no helmet)
rElec    .         Reflect  .   (no cloak)
rCorr    .         Harm     .   (no gloves)
MR       .....                  (no boots)
Stlth    ++........             (no amulet)
Regen    0.2/turn               (no ring)
MPRegen  0.2/turn               (no ring)

@: appendage (expiring), slowed, very slow
A: change form in water, swift swim, stealthy swim, horns 2
a: End Transformation


You were on level 3 of the Dungeon.
You were hungry.
You had grown temporary horns.
You visited 1 branch of the dungeon, and saw 3 of its levels.

You collected 121 gold pieces.

Inventory:

Hand Weapons
 r - a +0 blowgun
Missiles
 a - 16 arrows
 f - 6 tomahawks (quivered)
 i - 6 needles of confusion
 j - 18 poisoned needles
Armour
 b - a +0 robe (worn)
Scrolls
 g - 3 scrolls of amnesia {unknown}
 h - a scroll of enchant weapon {unknown}
 k - a scroll of blinking {unknown}
 m - a scroll of teleportation {unknown}
Potions
 e - 2 potions of heal wounds
 l - 2 potions of haste {unknown}
 q - a potion of lignification {unknown}
 s - a potion of curing {unknown}
Books
 c - a book of Changes

   Spells                             Type                      Level
   a - Beastly Appendage              Transmutation                1
   b - Sticks to Snakes               Transmutation                2
   c - Spider Form                    Transmutation/Poison         3
   d - Ice Form                       Ice/Transmutation            4
   e - Blade Hands                    Transmutation                5
Comestibles
 d - 3 bread rations
 n - a fruit
 o - 7 chunks of flesh
 p - 2 meat rations


   Skills:
 + Level 2.5 Fighting
 - Level 2.6 Dodging
 * Level 5.6 Unarmed Combat
 - Level 2.0 Spellcasting
 * Level 6.0 Transmutations


You had 3 spell levels left.
You knew the following spells:

 Your Spells              Type           Power        Failure   Level  Hunger
a - Beastly Appendage     Tmut           ###...       1%          1    ##.....
b - Sticks to Snakes      Tmut           ###.....     3%          2    ###....
c - Spider Form           Tmut/Pois      #.........   24%         3    ####...


Dungeon Overview and Level Annotations

Branches:
Dungeon (3/15)

Altars:
Makhleb
Okawaru
Ru
Xom


Innate Abilities, Weirdness & Mutations

You revert to your normal form in water.
You are very nimble and swift while swimming.
You are very stealthy in the water. (Stealth+)
You have a pair of horns on your head.


Message History

You hit the orc wizard but do no damage.
The orc wizard is heavily wounded.
The orc wizard mumbles some strange words.
The orc wizard struggles to blink free from constriction.
Something hits you.
* * * LOW HITPOINT WARNING * * *
Your ball python bites the orc wizard but does no damage.
Your ball python constricts the orc wizard.
The orc wizard barely misses your ball python.
Something hits you.
* * * LOW HITPOINT WARNING * * *
You strike the helpless orc wizard from behind!
You hit the orc wizard.
You kill the orc wizard!
Your Transmutations skill increases to level 6!
Your ball python misses something.
You hear some strange, mumbled words.
A magic dart appears from out of thin air!
The magic dart hits you!
You die...

#.##...#.#
#.###.##.# #
##.##.# #.##...#.#
#.##.# #..#...#.#
.....# #........#
##' ###
#..##.##.## ...
#..#...#..# ....
#.........# .ยง...
#...._....#
.....o##@.)......#
...ooor{S.#...#..#
......###.##.##..#
..... #........#
.... #.....#..#
... ##.#....## #'
#>..#### # ##.##
.#


You could see an orc wizard, 2 orcs, a rat and a friendly ball python.

Vanquished Creatures
  A crimson imp (D:3)
  2 orc wizards (D:3)
  Terence (D:2)
  4 gnolls (D:2)
  8 adders
  2 worms (D:3)
  A dart slug (D:3)
  2 leopard geckos
  8 orcs (D:3)
  3 ball pythons
  6 bats
  3 giant cockroaches
  6 goblins
  8 hobgoblins
  3 jackals (D:1)
  7 kobolds
  5 frilled lizards
  8 rats
78 creatures vanquished.

Vanquished Creatures (others)
  An orc wizard (D:3)
1 creature vanquished.

Grand Total: 79 creatures vanquished

Notes
Turn   | Place    | Note
-------+----------+-------------------------------------------
     0 | D:1      | Firecrotchwizard the Merfolk Transmuter began the quest for the Orb.
     0 | D:1      | Reached XP level 1. HP: 15/15 MP: 3/3
   127 | D:1      | Reached skill level 3 in Transmutations
   136 | D:1      | Reached XP level 2. HP: 7/21 MP: 3/5
   643 | D:1      | Reached XP level 3. HP: 11/26 MP: 6/6
  1026 | D:2      | Noticed Terence
  1214 | D:2      | Killed Terence
  1214 | D:2      | Reached skill level 4 in Transmutations
  1214 | D:2      | Reached XP level 4. HP: 18/33 MP: 7/7
  2145 | D:2      | Reached XP level 5. HP: 29/38 MP: 6/8
  2187 | D:2      | Reached skill level 5 in Unarmed Combat
  2814 | D:3      | Learned a level 2 spell: Sticks to Snakes
  2818 | D:3      | Learned a level 3 spell: Spider Form
  2851 | D:3      | Reached skill level 5 in Transmutations
  2930 | D:3      | Found a sacrificial altar of Ru.
  3756 | D:3      | Found a burning altar of Makhleb.
  3756 | D:3      | Found a shimmering altar of Xom.
  3769 | D:3      | Reached XP level 6. HP: 37/46 MP: 7/9
  4498 | D:3      | Found an iron altar of Okawaru.
  4631 | D:3      | Reached skill level 6 in Transmutations
  4631 | D:3      | Killed from afar by an orc wizard

Vault maps used:
D:1:      minmay_arrival_up_and_down
D:2:      first_bread, uniq_terence
D:3:      okawaru_gym_becter, cheibriados_altar_1,
          nicolae_ru_the_path_less_chosen,
          grunt_temple_overflow_champion_of_chaos

Skill      XL: |  1  2  3  4  5  6 |
---------------+-------------------+-----
Transmutations | 3 4 5 6 |  6.0
Unarmed Combat | 4 5 |  5.6
Fighting       | 2 |  2.5
Dodging        | |  2.6
Spellcasting   | |  2.0

Action                   |  1- 3 |  4- 6 || total
-------------------------+-------+-------++-------
Melee: Unarmed           |   114 |   200 ||   314
       Headbutt          |    16 |    29 ||    45
       Punch             |       |     1 ||     1
 Cast: Beastly Appendage |    12 |    29 ||    41
       Sticks to Snakes  |       |     3 ||     3
  Use: Potion            |       |     2 ||     2
 Stab: Sleeping          |     1 |       ||     1
       Distracted        |       |     1 ||     1
  Eat: Chunk             |     1 |    10 ||    11
       Fruit             |       |     2 ||     2
Armor: Robe              |    19 |    23 ||    42
Dodge: Dodged            |    83 |    84 ||   167
